 Dungeon Crawl Stone Soup version 0.26-a0-667-g92642533e4 (webtiles) character file.

Game seed: 4085124770667104977

1599 Kinoniko the Spear-Bearer (level 8, -13/70 HPs)
             Began as an Ogre Fighter on Oct 16, 2020.
             Was a Believer of Okawaru.
             Mangled by an orc warrior
             ... wielding a +0 glaive
              (18 damage)
             ... on level 6 of the Dungeon.
             The game lasted 00:07:25 (6155 turns).

Kinoniko the Spear-Bearer (Ogre Fighter)            Turns: 6155, Time: 00:07:25

Health: -13/70     AC:  5    Str: 29    XL:     8   Next: 94%
Magic:  8/10       EV: 16    Int:  9    God:    Okawaru [**....]
Gold:   334        SH: 11    Dex:  8    Spells: 7/7 levels left

rFire    . . .     SeeInvis .   a - +1 trident
rCold    . . .     Faith    .   c - +0 kite shield
rNeg     . . .     Spirit   .   b - +0 robe
rPois    .         Reflect  .   (helmet restricted)
rElec    .         Harm     .   k - scarf {repulsion}
rCorr    .         Rampage  .   (gloves unavailable)
MR       .....                  (boots unavailable)
Stlth    ++........             (no amulet)
HPRegen  0.21/turn              p - +4 ring of evasion
MPRegen  0.12/turn              n - +6 ring of strength

@: heroism, repel missiles
A: large, unfitting armour, slimy green scales 1, frail 1, tough skin 1
a: Heroism, Renounce Religion


You were on level 6 of the Dungeon.
You worshipped Okawaru.
Okawaru was pleased with you.
You visited 2 branches of the dungeon, and saw 7 of its levels.

You collected 334 gold pieces.

Inventory:

Hand Weapons
 a - a +1 trident (weapon)
Armour
 b - a +0 robe (worn)
 c - a +0 kite shield (worn)
 k - a scarf of repulsion (worn)
Jewellery
 d - a cursed ring of flight
 n - a +6 ring of strength (right hand)
 p - a +4 ring of evasion (left hand)
Wands
 l - a wand of flame (19)
Scrolls
 e - a scroll of remove curse
 f - 4 scrolls of identify
 g - 2 scrolls of noise {unknown}
 h - a scroll of teleportation
 j - a scroll of immolation {unknown}
 m - 2 scrolls of magic mapping
 o - 3 scrolls of blinking
Potions
 i - a potion of mutation


   Skills:
 - Level 4.0(9.0) Fighting
 * Level 10.4(15.4) Polearms
 - Level 2.7(7.7) Dodging
 - Level 2.6(7.6) Shields
 + Level 3.8 Invocations


You had 7 spell levels left.
You didn't know any spells.
Your spell library was empty.

Dungeon Overview and Level Annotations

Branches:
Dungeon (6/15)             Temple (1/1) D:4

Altars:
Ashenzari
Gozag
Hepliaklqana
Kikubaaqudgha
Makhleb
Nemelex Xobeh
Okawaru
Trog
Uskayaw
Vehumet
Wu Jian
Xom
Yredelemnul
Zin
The Shining One


Innate Abilities, Weirdness & Mutations

You are too large for most types of armour.
You have tough skin. (AC +1)
You are partially covered in slimy green scales. (AC +2)
You are frail. (-10% HP)


Message History

The orc hits you with a +0 flail!
* * * LOW HITPOINT WARNING * * *
You see here an arrow.
Okay, then.
You are too injured to fight recklessly!
You puncture the orc!
You kill the orc!
Okawaru accepts your kill.
You puncture the orc!
You kill the orc!
Okawaru accepts your kill.
The orc warrior hits you with a +0 glaive!
* * * LOW HITPOINT WARNING * * *
Items here: ( )) [[.
You hit the orc warrior but do no damage.
You block the orc warrior's attack.
You barely miss the orc warrior. You block the orc's attack.
You barely miss the orc warrior.
The orc warrior hits you with a +0 glaive!!
You die...

#......# .......#.
#....### .#.......
#....# .........
#....#####
>.###.###.
#........# #..# #.#
#. #....###.#
##...# #+ . .#....#
#.##......
#......###o#......#
###.##...@oo.#
#.#..####.## #...##
#))...... ....#
##....... .##
....... .......
....... .....#.
.###.#


You could see an orc warrior and 2 orcs.

Vanquished Creatures
  Pikel (D:4)
  Duvessa (D:6)
  A phantom (D:2)
  2 ogres
  A lemure (D:4)
  3 centaurs
  Dowan (D:6)
  A crimson imp (D:3)
  A centaur zombie (D:6)
  4 orc wizards
  2 bullfrog skeletons (D:5)
  2 worker ants
  A hound skeleton (D:5)
  4 adders
  A shadow imp (D:6)
  A white imp (D:5)
  An ooze (D:4)
  2 adder skeletons
  4 worms
  3 dart slugs
  2 leopard geckos
  11 orcs
  A ball python (D:1)
  5 bats
  3 giant cockroaches (D:1)
  4 goblins
  7 hobgoblins
  8 jackals
  4 kobolds
  4 quokkas
  4 frilled lizards
  A quokka zombie (D:5)
  6 rats
97 creatures vanquished.

Notes
Turn   | Place    | Note
-------+----------+-------------------------------------------
     0 | D:1      | Kinoniko the Ogre Fighter began the quest for the Orb.
     0 | D:1      | Reached XP level 1. HP: 24/24 MP: 1/1
   103 | D:1      | Reached XP level 2. HP: 28/32 MP: 2/2
   358 | D:1      | Reached skill level 3 in Polearms
   568 | D:1      | Reached XP level 3. HP: 38/39 MP: 3/3
   960 | D:2      | Noticed a phantom
   960 | D:2      | You fall into a shaft and drop 1 floor!
  1045 | D:3      | Reached skill level 4 in Polearms
  1045 | D:3      | Reached XP level 4. HP: 24/48 MP: 4/4
  1390 | D:3      | Found a hide-covered altar of Uskayaw.
  1872 | D:3      | Found a burning altar of Makhleb.
  1894 | D:3      | Reached skill level 5 in Polearms
  1894 | D:3      | Reached XP level 5. HP: 49/54 MP: 5/5
  2551 | D:2      | Killed a phantom
  2551 | D:2      | Reached skill level 6 in Polearms
  2551 | D:2      | Reached XP level 6. HP: 39/62 MP: 6/6
  2867 | D:4      | Found an opulent altar of Gozag.
  2913 | D:4      | Found a staircase to the Ecumenical Temple.
  2926 | Temple   | Entered the Ecumenical Temple
  3241 | Temple   | Became a worshipper of Warmaster Okawaru
  3594 | D:4      | Noticed Pikel
  3613 | D:4      | Gained mutation: You have a pair of small antennae on your
                  | head. [potion of mutation]
  3613 | D:4      | Gained mutation: You possess an exceptional clarity of
                  | mind. [potion of mutation]
  4043 | D:4      | Killed Pikel
  4043 | D:4      | Reached * piety under Okawaru
  4043 | D:4      | Reached skill level 8 in Polearms
  4043 | D:4      | Reached XP level 7. HP: 35/70 MP: 7/7
  4043 | D:4      | Reached XP level 8. HP: 39/78 MP: 8/8
  4368 | D:4      | Reached skill level 9 in Polearms
  4741 | D:5      | Entered Level 5 of the Dungeon
  4844 | D:5      | Reached skill level 1 in Invocations
  5314 | D:5      | Lost mutation: You possess an exceptional clarity of mind.
                  | [potion of mutation]
  5314 | D:5      | Lost mutation: You have a pair of small antennae on your
                  | head. [potion of mutation]
  5314 | D:5      | Gained mutation: You are frail. (-10% HP) [potion of
                  | mutation]
  5314 | D:5      | Gained mutation: You are partially covered in slimy green
                  | scales. (AC +2) [potion of mutation]
  6001 | D:6      | Noticed Dowan
  6002 | D:6      | Noticed Duvessa
  6013 | D:6      | Killed Duvessa
  6013 | D:6      | Reached skill level 10 in Polearms
  6026 | D:6      | Killed Dowan
  6142 | D:6      | Reached ** piety under Okawaru
  6155 | D:6      | Mangled by an orc warrior

Illustrated notes

Levels and vault maps discovered:
D:1:      ebering_hopf_link, layout_basic, minmay_quantized
D:2:      layout_rooms
D:3:      layout_basic, overflow_temple_1_default, makhleb_grotto_becter
D:4:      layout_basic, minmay_temple_entry_mist,
          nicolae_gozag_cash_rules_everything_around_me, uniq_pikel
D:5:      layout_basic, small_statue_intersection
D:6:      layout_rooms, lemuel_doored_altar, uniq_duvessa
Temple:   oiseaux_autumnal_temple

Skill      XL: |  1  2  3  4  5  6  7  8 |
---------------+-------------------------+-----
Polearms       | 3 4 5 6 8 10 | 10.4
Invocations    | 3 |  3.8
Fighting       | |  4.0
Dodging        | |  2.7
Shields        | |  2.6

Action                   |  1- 3 |  4- 6 |  7- 9 || total
-------------------------+-------+-------+-------++-------
Melee: Trident           |    98 |   162 |   162 ||   422
Invok: Heroism           |       |       |     6 ||     6
  Use: Potion            |       |     5 |     2 ||     7
       Scroll            |       |     9 |     2 ||    11
Armor: Robe              |    25 |    24 |    16 ||    65
Dodge: Dodged            |    24 |    44 |    54 ||   122
Block: Kite shield       |    31 |    53 |    55 ||   139

Table legend: (Time is in decaauts)
 A = Elapsed time spent in this place.
 B = Non-inter-level travel time spent in this place.
 C = Inter-level travel time spent in this place.
 D = Time resting spent in this place.
 E = Time spent auto-exploring this place.
 F = Levels seen in this place.
 G = Mean time per level.
                   A        B        C        D        E       F      G
               +--------+--------+--------+--------+--------+-----+--------+
         Total |   6178 |   5994 |    184 |   1666 |   3530 |   7 |  882.6 |
       Dungeon |   5584 |   5464 |    120 |   1420 |   3251 |   6 |  930.7 |
        Temple |    594 |    530 |     64 |    246 |    278 |   1 |  594.0 |
               +--------+--------+--------+--------+--------+-----+--------+

Top non-repeatable levels by time:
     D:3: 1340 daAuts
     D:4: 1300 daAuts
     D:5: 1113 daAuts
     D:1: 978 daAuts
  Temple: 594 daAuts
     D:2: 583 daAuts
     D:6: 268 daAuts
